 Dungeon Crawl Stone Soup version 0.29-a0-214-g17f627cfee (webtiles) character file.

Game seed: 17383942688526358951

74 sammy202020 the Skirmisher (level 4, 0/36 HPs)
             Began as a Demonspawn Berserker on Feb 25, 2022.
             Was a Believer of Trog.
             Slain by a gnoll
             ... wielding a +0 halberd
              (2 damage)
             ... on level 2 of the Dungeon.
             The game lasted 00:04:32 (1813 turns).

sammy202020 the Skirmisher (Demonspawn Berserker)   Turns: 1813, Time: 00:04:34

Health: 0/36       AC:  8    Str: 20    XL:     4   Next: 10%
Magic:  4/4        EV:  6    Int:  8    God:    Trog [**....]
Gold:   120        SH:  0    Dex: 12    Spells: 3/3 levels left

rFire   . . .      SeeInvis .   a - +0 mace
rCold   . . .      Faith    .   (no shield)
rNeg    . . .      Spirit   .   h - +0 ring mail
rPois   .          Reflect  .   (no helmet)
rElec   .          Harm     .   (no cloak)
rCorr   .          Rampage  .   (no gloves)
Will    ++...                   e - +0 pair of boots
Stlth   +.........              (no amulet)
HPRegen 1.12/turn               (no ring)
MPRegen 0.09/turn               (no ring)

@: strong-willed (expiring), on berserk cooldown, held, regenerating (expiring),
slowed, very slow
A: rugged brown scales 2, condensation shield
a: Renounce Religion, Berserk, Trog's Hand


You were on level 2 of the Dungeon.
You worshipped Trog.
Trog was pleased with you.
You visited 1 branch of the dungeon, and saw 2 of its levels.

You collected 120 gold pieces.

Inventory:

Hand Weapons
 a - a +0 mace (weapon)
Armour
 b - a +0 animal skin
 e - a +0 pair of boots (worn)
 h - a +0 ring mail (worn)
Jewellery
 d - an amulet of magic regeneration
Scrolls
 g - a scroll of brand weapon {unknown}
Potions
 c - a potion of curing {unknown}
 f - a potion of haste {unknown}


   Skills:
 + Level 3.5 Fighting
 + Level 3.2 Maces & Flails
 + Level 2.4 Armour
 + Level 2.5 Dodging


You had 3 spell levels left.
You didn't know any spells.
Your spell library was empty.

Dungeon Overview and Level Annotations

Branches:
Dungeon (2/15)

Altars:
Kikubaaqudgha


Innate Abilities, Weirdness & Mutations

You are mostly covered in rugged brown scales. (AC +2, +5% HP)
A meltable shield of frost defends you. (SH +4)


Message History

You feel yourself moving faster!
You feel mighty! The adder barely misses you. The gnoll barely misses you.
You sock the adder!
You kill the adder!
Trog accepts your kill.
You have reached level 4!
You feel stronger.
Your demonic ancestry asserts itself...
Rugged brown scales spread over more of your body.
The gnoll hits you with a +0 spear.
* * * LOW HITPOINT WARNING * * *
You block the rat's attack.
You see here an adder corpse.
You feel a strong urge to attack something.
You block the gnoll's attack.
There are monsters nearby!
You barely miss the rat. You block the gnoll's attack.
The rat closely misses you.
The gnoll hits you from afar with a +0 spear.
* * * LOW HITPOINT WARNING * * *
You feel a strong urge to attack something.
You are no longer berserk.
You are exhausted.
You feel yourself slow down.
The rat twitches its whiskers.
You feel the effects of Trog's Hand fading.
The rat bites you but does no damage. You block the gnoll's attack.
The rat bites you but does no damage.
The gnoll throws a throwing net.
The throwing net hits you.
You become entangled in the net!
The gnoll hits you from afar with a +0 halberd.
* * * LOW HITPOINT WARNING * * *
You see here a throwing net.
You struggle against the net.
The gnoll hits you from afar with a +0 spear.
* * * LOW HITPOINT WARNING * * *
The rat twitches its whiskers.
The rat bites you.
* * * LOW HITPOINT WARNING * * *
The gnoll hits you from afar with a +0 halberd.
You die...

........###.......#.......#...#
......##..........#..)..†.'...+
..######..........#.......#...#
..................##.....##...##
.................####...##.....##
...............#+########..#....#
..........#+##............##.....
..........#.##........###......##
..........#.....@.g.g...#).....##
.............#...rg.....†......##
...###.......#....g.....#......##
...# #.......#..........#......##
...# #.......#....>...###......##
...# #.#######........# #......##
...# #.# #........# #......##
...# #.# #........###......# ####
#.# #......>........###


You could see 4 gnolls and a rat.

Vanquished Creatures
  3 adders (D:2)
  A dart slug (D:1)
  2 ball pythons
  5 bats
  7 endoplasms
  4 giant cockroaches
  4 goblins
  A hobgoblin (D:1)
  7 jackals (D:1)
  A frilled lizard (D:2)
  3 kobolds
  3 rats
41 creatures vanquished.

Vanquished Creatures (others)
  2 plants (D:1)
2 creatures vanquished.

Grand Total: 43 creatures vanquished

Notes
Turn   | Place    | Note
-------+----------+-------------------------------------------
     0 | D:1      | sammy202020 the Demonspawn Berserker began the quest for
                  | the Orb.
     0 | D:1      | Reached XP level 1. HP: 18/18 MP: 1/1
   106 | D:1      | Gained mutation: You are partially covered in rugged brown
                  | scales. (AC +1, +3% HP) [demonic ancestry]
   106 | D:1      | Reached XP level 2. HP: 15/24 MP: 2/2
   642 | D:1      | Gained mutation: A meltable shield of frost defends you.
                  | (SH +4) [demonic ancestry]
   642 | D:1      | Reached XP level 3. HP: 28/29 MP: 3/3
   654 | D:1      | Found a faded altar of an unknown god.
   854 | D:2      | Reached ** piety under Trog
  1240 | D:2      | Found an ancient bone altar of Kikubaaqudgha.
  1802 | D:2      | Gained mutation: You are mostly covered in rugged brown
                  | scales. (AC +2, +5% HP) [demonic ancestry]
  1802 | D:2      | Reached XP level 4. HP: 5/36 MP: 4/4
  1804 | D:2      | HP: 1/54 [gnoll/+0 spear (5)]
  1813 | D:2      | Slain by a gnoll

Illustrated notes

Levels and vault maps discovered:
D:1:      eino_arrival_druids_welcome, layout_rooms,
          ebering_ecumenical_altar_box
D:2:      kennysheep_six_static_rooms, layout_basic, basic_altar,
          chequers_arboretum

Skill      XL: |  1  2 |
---------------+-------+-----
Armour         | 2 |  2.4
Dodging        | 2 |  2.5
Maces & Flails | 3 |  3.2
Fighting       | |  3.5

Action                   |  1- 3 |  4- 6 || total
-------------------------+-------+-------++-------
Melee: Mace              |   120 |     1 ||   121
Invok: Berserk           |     2 |       ||     2
       Trog's Hand       |     1 |       ||     1
 Stab: Sleeping          |     1 |       ||     1
Armor: Animal skin       |    34 |       ||    34
       Ring mail         |     9 |     2 ||    11
Dodge: Dodged            |    93 |     1 ||    94
Block: Other             |    12 |     4 ||    16

Table legend: (Time is in decaauts)
 A = Elapsed time spent in this place.
 B = Non-inter-level travel time spent in this place.
 C = Inter-level travel time spent in this place.
 D = Time resting spent in this place.
 E = Time spent auto-exploring this place.
 F = Levels seen in this place.
 G = Mean time per level.
                   A        B        C        D        E       F      G
               +--------+--------+--------+--------+--------+-----+--------+
         Total |   1853 |   1838 |     15 |    425 |   1024 |   2 |  926.5 |
       Dungeon |   1853 |   1838 |     15 |    425 |   1024 |   2 |  926.5 |
               +--------+--------+--------+--------+--------+-----+--------+

Top non-repeatable levels by time:
     D:2: 1005 daAuts
     D:1: 848 daAuts
